 Dungeon Crawl Stone Soup version 0.31-a0-920-g28cbb04a8c (webtiles) character file.

Game seed: 750129789215772637

106 NotreDorf the Grave Robber (level 4, 0/33 HPs)
             Began as a Mummy Necromancer on Oct 17, 2023.
             Slain by a gnoll
             ... wielding a +0 flail
              (11 damage)
             ... on level 2 of the Dungeon.
             The game lasted 00:09:16 (1645 turns).

NotreDorf the Grave Robber (Mummy Necromancer)      Turns: 1645, Time: 00:09:17

Health: 0/33       AC:  2    Str: 13    XL:     4   Next: 55%
Magic:  4/10       EV: 12    Int: 14    God:
Gold:   106        SH:  0    Dex: 12    Spells: 5/11 levels left

rFire   x . .        f - +0 spear (freeze)
rCold   + . .        (no shield)
rNeg    + + +        a - +0 robe
rPois   ∞            (no helmet)
rElec   .            (no cloak)
rCorr   .            (no gloves)
SInv    .            (no boots)
Will    .....        (no amulet)
Stlth   ++           (no ring)
HPRegen 0.25/turn    (no ring)
MPRegen 0.12/turn

%: faith
@: no status effects
A: cold resistance 1, negative energy resistance 3, torment resistance 2, heat
vulnerability 1, in touch with death 1, no potions, faith
a: no special abilities


You were on level 2 of the Dungeon.
You visited 1 branch of the dungeon, and saw 2 of its levels.

You collected 106 gold pieces.

Inventory:

Hand Weapons
 f - a +0 spear of freezing (weapon)
Missiles
 c - 5 poisoned darts
Armour
 a - a +0 robe (worn)
Scrolls
 b - a scroll of fog {unknown}
 d - a scroll of amnesia {unknown}
 e - a scroll of identify {unknown}
 g - a scroll of teleportation {unknown}
 h - a scroll of revelation {unknown}


   Skills:
 + Level 2.3 Fighting
 - Level 1.5 Dodging
 - Level 1.5 Stealth
 + Level 4.0 Spellcasting
 + Level 4.7 Necromancy


You had 5 spell levels left.
You knew the following spells:

 Your Spells              Type           Power      Damage    Failure   Level
a - Necrotise             Necr           96%        1d8       2%          1
b - Vampiric Draining     Necr           24%        2d7       9%          3
c - Poisonous Vapours     Pois/Air       4%         N/A       28%         2

Your spell library contained the following spells:

 Spells                   Type           Power      Damage    Failure   Level
 Sting                    Tmut/Pois      8%         1d3       19%         1
 Animate Dead             Necr           24%        N/A       26%         4
 Ensorcelled Hibernation  Hex/Ice        4%         N/A       28%         2
 Passwall                 Tmut/Erth      1%         N/A       28%         2
 Swiftness                Air            2%         N/A       50%         3
 Agony                    Necr           24%        N/A       58%         5
 Olgreb's Toxic Radiance  Pois           2%         N/A       88%         4


Dungeon Overview and Level Annotations

Branches:
Dungeon (2/15)

Altars:


Innate Abilities, Weirdness & Mutations

You are immune to poison.
Your flesh is cold resistant. (rC+)
You are immune to negative energy. (rN+++)
You are immune to unholy pain and torment.
You are vulnerable to heat. (rF-)
You are in touch with the powers of death.
You do not drink.
You have a special connection with the divine. (Faith)


Message History

Casting: Necrotise (safe; 2% risk of failure)
Confirm with . or Enter, or press ? or * to list all spells.
Aiming: Poisonous Vapours (quite dangerous; 30% risk of failure)
Press: ? - help, Dir - move target, f/p - gnoll
Aim: a gnoll, wielding a +0 halberd (lightly wounded) Poisonous vapours surround the gnoll!
The gnoll is poisoned.
The gnoll hits you but does no damage.
Casting: Poisonous Vapours (quite dangerous; 30% risk of failure)
Confirm with . or Enter, or press ? or * to list all spells.
Aiming: Poisonous Vapours (quite dangerous; 30% risk of failure)
Press: ? - help, Dir - move target, f/p - gnoll
Aim: a gnoll, wielding a +0 halberd (moderately wounded, poisoned) Poisonous vapours surround the gnoll!
The gnoll looks even sicker.
The gnoll completely misses you. The gnoll attacks as it pursues you!
The gnoll hits you from afar with a +0 halberd!
The gnoll attacks as it pursues you! The gnoll misses you.
There is an escape hatch in the ceiling here.
The gnoll attacks as it pursues you! The gnoll misses you.
You kill the gnoll!
Your Spellcasting skill increases to level 4!
Casting: Poisonous Vapours (quite dangerous; 28% risk of failure)
Confirm with . or Enter, or press ? or * to list all spells.
Aiming: Necrotise (safe; 2% risk of failure)
Press: ? - help, Shift-Dir - straight line, f - gnoll
Aim: a gnoll, wielding a +0 flail (chance to affect: 88%)
You feel a surge of power!
The gnoll writhes in agony.
You hit the gnoll but do no damage.
The gnoll is heavily wounded.
The gnoll closely misses you. The gnoll hits you with a +0 flail.
You are too injured to fight recklessly!
You are too injured to fight recklessly!
You are too injured to fight recklessly!
You hit the gnoll. You freeze the gnoll.
The gnoll is severely wounded.
The gnoll barely misses you.
You closely miss the gnoll.
The gnoll is severely wounded.
The gnoll hits you with a +0 flail!
You die...

##..###.#.## #.# #.##.#### #
##.###.###.###.# #.##.# #
##.##.#####.##.###.##.# #
.........###.......##.# #
##.##.##.##.#..###.##.###########
#........÷....# #...†...g.......
######...###..###.##.###########
##.........g.##.#
#######..@.).<.# ##########


You could see a gnoll.

Vanquished Creatures
  3 gnolls (D:2)
  An adder (D:2)
  2 worms (D:2)
  A dart slug (D:1)
  An orc (D:2)
  7 ball pythons
  9 bats
  4 endoplasms
  2 giant cockroaches (D:1)
  3 goblins (D:2)
  4 hobgoblins
  2 jackals (D:1)
  3 kobolds
  7 quokkas (D:1)
  3 frilled lizards
  A rat (D:1)
53 creatures vanquished.

Vanquished Creatures (collateral kills)
  A goblin (D:1)
  A rat (D:1)
2 creatures vanquished.

Grand Total: 55 creatures vanquished

Notes
Turn   | Place    | Note
-------+----------+-------------------------------------------
     0 | D:1      | NotreDorf the Mummy Necromancer began the quest for the
                  | Orb.
     0 | D:1      | Reached XP level 1. HP: 13/13 MP: 4/4
   462 | D:1      | Reached XP level 2. HP: 20/20 MP: 6/6
   516 | D:1      | Reached skill level 1 in Fighting
   759 | D:1      | Reached XP level 3. HP: 18/26 MP: 7/7
  1071 | D:1      | Learned a level 3 spell: Vampiric Draining
  1140 | D:2      | Learned a level 2 spell: Poisonous Vapours
  1493 | D:2      | Reached XP level 4. HP: 28/33 MP: 7/9
  1645 | D:2      | Slain by a gnoll

Illustrated notes

Levels and vault maps discovered:
D:1:      erik_arrival_orb_chamber, layout_loops_cross
D:2:      minmay_diamond_boxcup, layout_loops_ring

Skill      XL: |  1  2  3  4 |
---------------+-------------+-----
Spellcasting   | 3 4 |  4.0
Fighting       | 1 2 |  2.3
Dodging        | |  1.5
Stealth        | |  1.5
Necromancy     | |  4.7

Action                     |  1- 3 |  4- 6 || total
---------------------------+-------+-------++-------
  Melee: Unarmed           |    12 |       ||    12
         Spear             |    73 |     6 ||    79
   Cast: Necrotise         |    42 |     9 ||    51
         Poisonous Vapours |       |     2 ||     2
   Stab: Sleeping          |     6 |       ||     6
 Armour: Robe              |    28 |     7 ||    35
  Dodge: Dodged            |    58 |     8 ||    66

Table legend: (Time is in decaauts)
 A = Elapsed time spent in this place.
 B = Non-inter-level travel time spent in this place.
 C = Inter-level travel time spent in this place.
 D = Time resting spent in this place.
 E = Time spent auto-exploring this place.
 F = Levels seen in this place.
 G = Mean time per level.
                   A        B        C        D        E       F      G
               +--------+--------+--------+--------+--------+-----+--------+
         Total |   1651 |   1613 |     38 |    259 |    899 |   2 |  825.5 |
       Dungeon |   1651 |   1613 |     38 |    259 |    899 |   2 |  825.5 |
               +--------+--------+--------+--------+--------+-----+--------+

Top non-repeatable levels by time:
     D:1: 1112 daAuts
     D:2: 539 daAuts
